 Dungeon Crawl Stone Soup version 0.28.0-43-g3370ac3207 (webtiles) character file.

Game seed: 17894685841811705642

55 styxcanada the Sneak (level 3, -4/18 HPs)
             Began as a Spriggan Brigand on Mar 14, 2022.
             Killed by divine providence
             ... invoked by an orc priest
              (11 damage)
             ... on level 2 of the Dungeon.
             The game lasted 00:04:55 (1749 turns).

styxcanada the Sneak (Spriggan Brigand)             Turns: 1749, Time: 00:04:56

Health: -4/18      AC:  7    Str:  7    XL:     3   Next: 67%
Magic:  4/4        EV: 17    Int: 12    God:
Gold:   51         SH:  0    Dex: 18    Spells: 2/2 levels left

rFire   . . .      SeeInvis +   a - +2 dagger
rCold   . . .      Faith    .   (no shield)
rNeg    . . .      Spirit   .   b - +0 robe
rPois   .          Reflect  .   (helmet restricted)
rElec   .          Harm     .   c - +0 cloak
rCorr   .          Rampage  .   (gloves unavailable)
Will    .....                   (boots unavailable)
Stlth   ++++......              (no amulet)
HPRegen 0.06/turn               l - +4 ring of protection
MPRegen 0.09/turn               (no ring)

@: very quick
A: very small, no large weapons, unfitting armour, see invisible, speed 3
a: no special abilities


You were on level 2 of the Dungeon.
You visited 1 branch of the dungeon, and saw 2 of its levels.

You collected 51 gold pieces.

Inventory:

Hand Weapons
 a - a +2 dagger (weapon)
Missiles
 d - 7 poisoned darts (quivered)
 e - 2 curare-tipped darts
 k - 37 stones
Armour
 b - a +0 robe (worn)
 c - a +0 cloak (worn)
 j - a +1 cloak
Jewellery
 l - a +4 ring of protection (left hand)
Scrolls
 f - a scroll of vulnerability {unknown}
 i - a scroll of enchant weapon {unknown}
 m - 2 scrolls of identify {unknown}
Potions
 g - a potion of heal wounds {unknown}
 h - a potion of attraction {unknown}


   Skills:
 * Level 1.7 Fighting
 + Level 2.4 Short Blades
 + Level 2.1 Throwing
 * Level 2.0 Dodging
 * Level 7.5 Stealth


You had 2 spell levels left.
You didn't know any spells.
Your spell library contained the following spells:

 Spells                   Type           Power      Damage    Failure   Level
 Leda's Liquefaction      Hex/Erth       0%         N/A       97%         4
 Lee's Rapid Deconstruct  Erth           0%         3d5*      100%        5
 Statue Form              Tmut/Erth      0%         N/A       100%        6


Dungeon Overview and Level Annotations

Branches:
Dungeon (2/15)

Altars:
Kikubaaqudgha


Innate Abilities, Weirdness & Mutations

You are very small and have problems with some larger weapons.
You are too small for most types of armour.
You have supernaturally acute eyesight. (SInv)
You cover ground extremely quickly. (Speed+++)


Message History

The poisoned dart closely misses the kobold.
The poisoned dart hits the orc.
The orc is poisoned.
The orc is heavily wounded.
You kill the orc!
Throw: 12 darts (poison)
Press: ? - help, Q - select action, (/) - cycle Shift-Dir - straight line, f - orc, p - kobold
Aim: an orc, wielding a +0 short sword (62% to hit)
You throw a poisoned dart. The poisoned dart hits the orc.
The orc is poisoned.
Throw: 11 darts (poison)
Press: ? - help, Q - select action, (/) - cycle Shift-Dir - straight line, f - orc priest, p - orc
Aim: an orc priest, wielding a +0 hand axe (moderately wounded, poisoned, 62% to hit)
You throw a poisoned dart.
The poisoned dart closely misses the orc.
The poisoned dart completely misses the orc priest.
The orc priest calls down the wrath of Beogh upon you.
Beogh smites you!
Ouch! That really hurt!
The orc priest looks more healthy.
You kill the orc!
Throw: 10 darts (poison)
Press: ? - help, Q - select action, (/) - cycle Shift-Dir - straight line, f/p - orc priest
Aim: an orc priest, wielding a +0 hand axe (moderately wounded, 62% to hit)
You throw a poisoned dart. The poisoned dart hits the kobold.
Unknown command.
The orc priest casts a cantrip, but nothing happens.
Throw: 9 darts (poison)
Press: ? - help, Q - select action, (/) - cycle Shift-Dir - straight line, f - kobold
Aim: a kobold, wielding a +0 whip (55% to hit)
You throw a poisoned dart.
The poisoned dart barely misses the kobold.
Throw: 8 darts (poison)
Press: ? - help, Q - select action, (/) - cycle Shift-Dir - straight line, f/p - kobold
Aim: a kobold, wielding a +0 whip (55% to hit)
You throw a poisoned dart. The poisoned dart hits the kobold.
The kobold is poisoned.
Unknown command.
The orc priest invokes the aid of Beogh against you.
Beogh smites you!
Ouch! That really hurt!
You die...

#.....#.#####.#.# #.#
#.....#.#####.#.# #.#
#####.#.......#.# #.#
#.#########.# #.#
#..........†# #.# .
##########..####.## .#######
#........#
.......############.########
.......)(o...(K.@..>#
#......##############
#............#
#..(.........#
.............#
.............#
..)##........#
..(##........#
...##..(.....#


You could see an orc priest and a kobold (poisoned).

Vanquished Creatures
  2 adders (D:2)
  A dart slug (D:1)
  3 orcs (D:2)
  An endoplasm (D:2)
  A giant cockroach (D:1)
  5 hobgoblins
  4 jackals (D:1)
  4 quokkas
  A ball python (D:1)
  A bat (D:2)
  2 frilled lizards
  A goblin (D:1)
  2 kobolds (D:1)
  2 rats (D:1)
30 creatures vanquished.

Notes
Turn   | Place    | Note
-------+----------+-------------------------------------------
     0 | D:1      | styxcanada the Spriggan Brigand began the quest for the
                  | Orb.
     0 | D:1      | Reached XP level 1. HP: 10/10 MP: 2/2
    33 | D:1      | Found a faded altar of an unknown god.
    84 | D:1      | Reached skill level 6 in Stealth
   469 | D:1      | Reached XP level 2. HP: 14/14 MP: 3/3
  1147 | D:1      | Reached skill level 7 in Stealth
  1352 | D:2      | Reached XP level 3. HP: 13/18 MP: 4/4
  1485 | D:2      | Found an ancient bone altar of Kikubaaqudgha.
  1749 | D:2      | Killed from afar by an orc priest

Illustrated notes

Levels and vault maps discovered:
D:1:      dpeg_arrival_lava_temple_mockup, layout_loops_ring,
          ebering_ecumenical_altar_petrified, hex_large
D:2:      layout_basic, basic_altar, serial_shops, nicolae_square_shop,
          minmay_close_crescents

Skill      XL: |  1  2  3 |
---------------+----------+-----
Stealth        | 6 7 |  7.5
Dodging        | 2 |  2.0
Fighting       | |  1.7
Short Blades   | |  2.4
Throwing       | |  2.1

Action                   || total
-------------------------++-------
Melee: Dagger            ||    91
       Punch             ||     3
Throw: Dart              ||    22
 Stab: Sleeping          ||    10
Armor: Robe              ||    16
Dodge: Dodged            ||    54
